 Dungeon Crawl Stone Soup version 0.30.1-11-g7821555f0a (webtiles) character file.

Game seed: 13643129259070161579

5007 Kallu the Thaumaturge (level 10, -4/67 HPs)
             Began as a Djinni Fire Elementalist on Jan 3, 2024.
             Was an Initiate of Qazlal.
             Slain by a slime creature (20 damage)
             ... on level 9 of the Dungeon.
             The game lasted 00:18:50 (8284 turns).

Kallu the Thaumaturge (Djinni Fire Elementalist)    Turns: 8284, Time: 00:18:50

Health: -4/67      AC:  4    Str:  7    XL:     10   Next: 84%
Gold:   439        EV: 13    Int: 22    God:    Qazlal [......] SH:  0 Dex: 13

rFire   + + .        J - +4 halberd (freeze)
rCold   x . .        (shield currently unavailable)
rNeg    . . .        F - +0 robe
rPois   ∞            k - +0 helmet
rElec   .            m - +0 cloak
rCorr   .            (no gloves)
SInv    +            (boots unavailable)
Will    +....        (no amulet)
Stlth   ++           B - ring of see invisible
HPRegen 0.31/turn    (no ring)
MPRegen 0.00/turn

%: infuse magic (-5 HP)
@: flying
A: sickness immunity, fire resistance 2, cold vulnerability 1, float, innate
caster, HP casting, extra vitality 1
a: Renounce Religion


You were on level 9 of the Dungeon.
You worshipped Qazlal.
Qazlal was noncommittal.
You visited 2 branches of the dungeon, and saw 10 of its levels.
You also visited: Sewer.

You collected 439 gold pieces.

Inventory:

Hand Weapons
 a - a +4 long sword
 J - a +4 halberd of freezing (weapon)
Missiles
 e - 3 curare-tipped darts
 x - 17 poisoned darts
 Q - a throwing net
Armour
 j - a +2 buckler
 k - a +0 helmet (worn)
 m - a +0 cloak (worn)
 z - the +0 ring mail of the Lair of Beasts {rC+++ Will+ Str+3 Int-2}
   (You found it on level 4 of the Dungeon)

   Str:       It affects your strength (+3).
   Int:       It affects your intelligence (-2).
   rC:        It renders you almost immune to cold.
   Will:      It increases your willpower.
 F - a +0 robe (worn)
 M - a +0 leather armour of willpower
Jewellery
 B - a ring of see invisible (left hand)
 E - a ring of protection from cold
 G - a ring of wizardry
 I - a +5 ring of evasion
Wands
 y - a wand of digging (5)
 K - a wand of paralysis (6)
 L - a wand of flame (11)
 P - a wand of mindburst (2)
Scrolls
 b - 3 scrolls of silence {unknown}
 g - 5 scrolls of enchant armour {unknown}
 i - a scroll of acquirement {unknown}
 l - 10 scrolls of identify {unknown}
 n - 2 scrolls of teleportation {unknown}
 p - 2 scrolls of noise {unknown}
 s - a scroll of fear {unknown}
 t - 2 scrolls of enchant weapon {unknown}
 w - 2 scrolls of amnesia {unknown}
 A - 2 scrolls of torment {unknown}
 D - 3 scrolls of vulnerability {unknown}
 H - 2 scrolls of blinking {unknown}
 O - a scroll of fog {unknown}
Potions
 c - 7 potions of haste {unknown}
 d - 2 potions of attraction {unknown}
 f - 2 potions of flight {unknown}
 h - 3 potions of heal wounds {unknown}
 o - 2 potions of invisibility {unknown}
 q - 2 potions of mutation {unknown}
 r - 2 potions of brilliance {unknown}
 u - 2 potions of lignification {unknown}
 v - a potion of berserk rage {unknown}
 C - a potion of cancellation {unknown}
 N - a potion of might {unknown}
 R - a potion of curing {unknown}


   Skills:
 - Level 4.0 Fighting
 - Level 4.0 Dodging
 - Level 1.5 Stealth
 + Level 11.3 Spellcasting


You knew the following spells:

 Your Spells              Type           Power      Damage    Failure   Level
a - Foxfire               Conj/Fire      100%       2x1d9     1%          1
b - Scorch                Fire           100%       2d9       1%          2
c - Volatile Blastmotes   Fire/Tloc      100%       2d18      1%          3
d - Inner Flame           Hex/Fire       58%        N/A       1%          3
e - Flame Wave            Conj/Fire      58%        2d14      1%          4
f - Apportation           Tloc           100%       N/A       1%          1
g - Momentum Strike       Conj/Tloc      100%       3d10      1%          2
h - Tukima's Dance        Hex            58%        N/A       1%          3
i - Vampiric Draining     Necr           58%        2d10      1%          3
Your spell library was empty.

Dungeon Overview and Level Annotations

Branches:
Dungeon (9/15)             Temple (1/1) D:5            Lair (0/5) D:8
  Sewer (visited)
    Orc: D:9-12

Altars:
Ashenzari
Cheibriados
Dithmenos
Elyvilon
Fedhas
Gozag
Hepliaklqana
Makhleb
Nemelex Xobeh
Okawaru
Qazlal
Ru
Uskayaw
Wu Jian
Xom
Yredelemnul
Zin
The Shining One


Innate Abilities, Weirdness & Mutations

You are immune to sickness and miasma.
You are immune to poison.
Your flesh is very heat resistant. (rF++)
You are vulnerable to cold. (rC-)
You float through the air rather than walking.
You learn spells naturally, not from books.
Your magical power is your life essence.
You have superior vitality. (+4 MHP)


Message History

The slime creature is moderately wounded.
Qazlal accepts your kill.
You feel a bit more experienced.
The flame wave engulfs the slime creature!
The slime creature is moderately wounded.
You finish channelling waves of flame.
Casting: Flame Wave (dangerous; 1% risk of failure)
Confirm with . or Enter, or press ? or * to list all spells.
Casting: Flame Wave (dangerous; 1% risk of failure)
Press: ? - help, Dir - look around, f - activate A wave of flame ripples out!
The flame wave engulfs the slime creature.
The slime creature is heavily wounded. (Press . to intensify the flame waves.)
A slime creature comes into view.
The slime creature hits you!
A wave of flame ripples out!
The flame wave engulfs the slime creature!
The slime creature is heavily wounded.
The flame wave engulfs the slime creature!
The slime creature is severely wounded.
The slime creature hits you!
* * * LOW HITPOINT WARNING * * *
The slime creature misses you.
A slime creature comes into view.
A wave of flame ripples out!
The flame wave engulfs the slime creature!
The slime creature is severely wounded.
The flame wave engulfs the slime creature!
The slime creature is almost dead.
The flame wave engulfs the slime creature!
The slime creature is severely wounded.
The flame wave engulfs the slime creature!
The slime creature is moderately wounded.
The slime creature quivers.
* * * LOW HITPOINT WARNING * * *
You finish channelling waves of flame.
The slime creature hits you.
* * * LOW HITPOINT WARNING * * *
The slime creature hits you!!
You die...

##.. #.#.......##.
... +............
...#+####............
#........##########
#........# .
#........# ...
#........#
....)#J.......#
....))J@.###..+
....J#J.......# ....
#........# ###
#........# ########+#


You could see 4 slime creatures.

Vanquished Creatures
  The ghost of dracos369 the Trooper, a novice OgWr of Dithmenos (D:5)
  Psyche (D:8)
  Sigmund (D:6)
  A slime creature (D:9)
  Eustachio (D:6)
  4 yaks (D:8)
  A steam dragon (D:7)
  Menkaure (D:6)
  4 black bears
  2 ice beasts
  2 orc warriors
  2 ogres
  A centaur (D:8)
  A phantom (D:4)
  2 kobold brigands
  4 bullfrogs
  3 scorpions
  8 wights
  6 killer bees (D:7)
  3 jellies (Sewer)
  2 gnoll boudas (D:9)
  5 hounds
  Crazy Yiuf (D:2)
  4 orc priests
  A sleepcap (D:5)
  Terence (D:2)
  Robin (D:4)
  3 adders
  9 gnolls
  2 river rats (Sewer)
  2 shadow imps (D:6)
  2 white imps (D:7)
  An ufetubus (D:5)
  4 worms
  2 dart slugs
  21 orcs
  12 ball pythons
  4 bats
  11 endoplasms
  2 giant cockroaches (D:3)
  23 goblins
  5 hobgoblins
  7 jackals
  13 kobolds
  3 quokkas
  9 frilled lizards
  11 rats
  2 butterflies (D:3)
212 creatures vanquished.

Vanquished Creatures (others)
  A dancing weapon (D:4)
  474 foxfires
475 creatures vanquished.

Grand Total: 687 creatures vanquished

Notes
Turn   | Place    | Note
-------+----------+-------------------------------------------
     0 | D:1      | Kallu the Djinni Fire Elementalist began the quest for the
                  | Orb.
     0 | D:1      | Kallu set off with the following spells memorised: Foxfire,
                  | Scorch, Volatile Blastmotes, Inner Flame, Flame Wave.
     0 | D:1      | Reached XP level 1. HP: 15/15 MP: 0/0
    88 | D:1      | Reached XP level 2. HP: 17/21 MP: 0/0
   177 | D:1      | Reached skill level 3 in Spellcasting
   778 | D:2      | Reached XP level 3. HP: 25/25 MP: 0/0
   778 | D:2      | Learned a level 1 spell: Apportation
  1119 | D:2      | Noticed a scorpion
  1127 | D:2      | Killed a scorpion
  1128 | D:2      | Reached skill level 4 in Spellcasting
  1128 | D:2      | Reached XP level 4. HP: 26/31 MP: 0/0
  1128 | D:2      | Reached XP level 5. HP: 29/35 MP: 0/0
  1128 | D:2      | Learned a level 2 spell: Momentum Strike
  1197 | D:2      | Noticed Terence
  1205 | D:2      | Killed Terence
  1349 | D:2      | Found a runed translucent door.
  1350 | D:2      | Noticed Crazy Yiuf
  1357 | D:2      | Killed Crazy Yiuf
  1576 | D:3      | Found a faded altar of an unknown god.
  1640 | D:3      | Found a glowing drain.
  1649 | Sewer    | Entered a sewer
  1798 | Sewer    | Reached skill level 5 in Spellcasting
  1798 | Sewer    | Reached XP level 6. HP: 25/40 MP: 0/0
  2026 | Sewer    | Found a viscous altar of Jiyva.
  2177 | D:3      | Found a shimmering altar of Xom.
  2744 | D:4      | Reached skill level 1 in Fighting
  2744 | D:4      | Reached XP level 7. HP: 30/47 MP: 0/0
  2744 | D:4      | Learned a level 3 spell: Tukima's Dance
  2924 | D:4      | Noticed Robin
  2929 | D:4      | Killed Robin
  2997 | D:4      | Identified the +0 ring mail of the Lair of Beasts {rC+++
                  | Will+ Str+3 Int-2}
  3372 | D:5      | Entered Level 5 of the Dungeon
  3672 | D:5      | Found a runed translucent gate.
  3673 | D:5      | Found a runed translucent gate.
  3674 | D:5      | Found a runed translucent gate.
  3676 | D:5      | Noticed dracos369's ghost (novice OgWr)
  3720 | D:5      | Found a glowing golden altar of the Shining One.
  3915 | D:5      | Found a staircase to the Ecumenical Temple.
  3954 | Temple   | Entered the Ecumenical Temple
  4061 | D:5      | Reached XP level 8. HP: 43/56 MP: 0/0
  4414 | D:5      | Reached skill level 6 in Spellcasting
  4729 | D:5      | Killed dracos369's ghost
  4848 | D:5      | Reached skill level 7 in Spellcasting
  4903 | D:6      | Noticed Sigmund
  4970 | D:6      | Killed Sigmund
  4971 | D:6      | Reached XP level 9. HP: 55/62 MP: 0/0
  4971 | D:6      | Learned a level 3 spell: Vampiric Draining
  5045 | D:6      | Reached skill level 8 in Spellcasting
  5061 | D:6      | Noticed Menkaure
  5068 | D:6      | Killed Menkaure
  5122 | D:6      | Noticed Eustachio
  5133 | D:6      | Killed Eustachio
  5422 | D:6      | Found an iron altar of Okawaru.
  5612 | D:6      | Reached skill level 9 in Spellcasting
  6396 | D:7      | Found a broken altar of Ashenzari.
  6514 | D:7      | Reached XP level 10. HP: 55/67 MP: 0/0
  6610 | D:7      | Found a basalt altar of Yredelemnul.
  6629 | D:7      | Found a blossoming altar of Fedhas.
  6629 | D:7      | Found a burning altar of Makhleb.
  6630 | D:7      | Found an ornate altar of the Wu Jian Council.
  6632 | D:7      | Found a hide-covered altar of Uskayaw.
  6818 | D:7      | Reached skill level 10 in Spellcasting
  7259 | D:8      | Found a staircase to the Lair.
  7423 | D:8      | Found a stormy altar of Qazlal.
  7430 | D:8      | Became a worshipper of Qazlal Stormbringer
  7645 | D:8      | Noticed Psyche
  7654 | D:8      | Killed Psyche
  7655 | D:8      | Reached skill level 11 in Spellcasting
  8284 | D:9      | Slain by a slime creature

Illustrated notes

Levels and vault maps discovered:
D:1:      dpeg_arrival_orchard, layout_loops_ring
D:2:      layout_loops_ring, uniq_crazy_yiuf_cottage, uniq_terence
D:3:      layout_rooms, xom_butterflies, portal_sewer_entry_b,
          ebering_ecumenical_altar_mist
D:4:      kennysheep_goblin_castle, layout_rooms, kennysheep_nondescript,
          corexii_hall_statues_t
D:5:      layout_loops_ring, mainiacjoe_overflow_brackets, temple_fountains,
          biasface_ghost_orc_armoury
D:6:      layout_gridville, lemuel_tele_altar, uniq_eustachio, uniq_menkaure,
          uniq_sigmund
D:7:      layout_loops_ring, ashenzari_altar_1, minitemple, serial_park_tiny_1
D:8:      layout_basic, nicolae_qazlal_eye_of_the_storm, lair_entry_dummy,
          uniq_psyche
D:9:      layout_stronghold, nicolae_shop_dragon_depot,
          minmay_misc_feat_encased, dreamdust_princess_corridor,
          corexii_corridor_pit
Temple:   zaba_magenta_temple

Skill      XL: |  1  2  3  4  5  6  7  8  9 10 |
---------------+-------------------------------+-----
Spellcasting   | 3 4 5 7 9 11 | 11.3
Fighting       | 1 3 4 |  4.0
Dodging        | 4 |  4.0
Stealth        | |  1.5

Action                     |  1- 3 |  4- 6 |  7- 9 | 10-12 || total
---------------------------+-------+-------+-------+-------++-------
  Melee: Unarmed           |     5 |       |       |       ||     5
         Dagger            |     9 |    31 |    55 |       ||    95
         Long sword        |       |       |    21 |     3 ||    24
         Halberd           |       |       |       |    18 ||    18
   Cast: Foxfire           |    57 |    96 |   123 |    19 ||   295
         Volatile Blastmot |     3 |     4 |    11 |     2 ||    20
         Scorch            |       |     3 |    31 |     8 ||    42
         Flame Wave        |       |     3 |     7 |    10 ||    20
         Tukima's Dance    |       |       |     3 |       ||     3
         Momentum Strike   |       |       |     1 |     1 ||     2
         Vampiric Draining |       |       |       |    18 ||    18
   Stab: Sleeping          |     2 |       |       |       ||     2
 Armour: Robe              |     5 |     9 |    16 |     3 ||    33
  Dodge: Dodged            |    16 |    24 |    53 |    35 ||   128
